 Dungeon Crawl Stone Soup version 0.17.1-3-g152610e (webtiles) character file.

2426 MrTails the Chopper (level 9, -4/56 HPs)
             Began as a Gargoyle Fighter on Feb 24, 2016.
             Was a Follower of Okawaru.
             Killed by divine providence
             ... invoked by an orc priest
              (15 damage)
             ... on level 7 of the Dungeon.
             The game lasted 00:09:47 (4350 turns).

MrTails the Chopper (Gargoyle Fighter)              Turns: 4350, Time: 00:09:48

Health: -4/56      AC: 15    Str: 27    XL:     9   Next: 48%
Magic:  9/9        EV:  8    Int:  9    God:    Okawaru [*.....]
Gold:   328        SH: 11    Dex:  9    Spells: 0 memorised, 8 levels left

rFire  . . .     SeeInvis .     r - +5 mace of Jorhivu {elec, Str+4}
rCold  + + +     Clarity  .     b - +0 scale mail
rNeg   + . .     SustAt   .     c - +0 shield
rPois  ∞         Gourm    .     B - +1 helmet "Ycheinag" {rC+++}
rElec  +         Spirit   .     (no cloak)
rCorr  .         Warding  .     (no gloves)
rMut   .         Stasis   .     (no boots)
MR     .....                    (no amulet)
Stlth  ..........               (no ring)
                                (no ring)

@: starving, not resistant to hostile enchantments, extremely unstealthy
A: negative energy resistance 1, electricity resistance, unbreathing,
petrification resistance, rot immunity, AC +5
a: Heroism, Renounce Religion


You were on level 7 of the Dungeon.
You worshipped Okawaru.
Okawaru was aware of your devotion.
You were starving.

You visited 1 branch of the dungeon, and saw 7 of its levels.

You collected 328 gold pieces.

Inventory:

Hand Weapons
 a - a +0 war axe
 r - the +5 mace of Jorhivu (weapon) {elec, Str+4}
   (You found it on level 4 of the Dungeon)

   Occasionally, upon striking a foe, it will discharge some electrical energy
   and cause terrible harm.
   It affects your strength (+4).
Armour
 b - a +0 scale mail (worn)
 c - a +0 shield (worn)
 B - the +1 helmet "Ycheinag" (worn) {rC+++}
   (You found it on level 6 of the Dungeon)

   It renders you almost immune to cold.
Wands
 y - a wand of draining (9)
 C - a wand of confusion (29)
Scrolls
 i - 2 scrolls of fog {unknown}
 j - 2 scrolls of remove curse {unknown}
 l - 4 scrolls of magic mapping {unknown}
 m - a scroll of recharging {unknown}
 o - 4 scrolls of immolation {unknown}
 p - 5 scrolls of identify {unknown}
 v - 2 scrolls of random uselessness {unknown}
 x - 2 scrolls of amnesia {unknown}
 z - a scroll of noise {unknown}
 F - a scroll of blinking {unknown}
Potions
 d - 2 potions of might
 g - a potion of cancellation {unknown}
 h - 5 potions of flight {unknown}
 k - 3 potions of degeneration {unknown}
 n - 4 potions of curing {unknown}
 q - 3 potions of haste {unknown}
 s - a potion of brilliance {unknown}
 t - 2 potions of heal wounds {unknown}
 u - 2 potions of lignification {unknown}
 w - a potion of ambrosia {unknown}
 A - 2 potions of poison {unknown}
Comestibles
 e - 6 bread rations
 f - 2 meat rations
 D - a beef jerky


   Skills:
 + Level 6.9 Fighting
 * Level 7.5 Axes
 + Level 6.9 Armour
 + Level 6.9 Shields


You had 8 spell levels left.
You didn't know any spells.

Dungeon Overview and Level Annotations

Branches:
Dungeon (7/15)             Temple (0/1) D:6

Altars:
Kikubaaqudgha
Makhleb
Nemelex Xobeh
Okawaru
Ru
Yredelemnul

Shops:
D:5 [


Innate Abilities, Weirdness & Mutations

You are resistant to torment.
Your stone body is resilient (AC +5).
You are immune to poison.
You resist negative energy.
You are resistant to electric shocks.
You can survive without breathing.
You are immune to petrification.
You are immune to rotting.


Message History

The orc priest is moderately wounded.
You are starving!
The orc priest invokes the aid of Beogh against you.
Pain shoots through your body!
You sock the orc priest!
You kill the orc priest!
Okawaru accepts your kill.
The orc priest calls down the wrath of Beogh upon you.
Something smites you!
* * * LOW HITPOINT WARNING * * *
You hit the giant cockroach.
The giant cockroach is severely wounded.
The sentinel's mark upon you fades away.
The giant cockroach misses you. You block the giant cockroach's attack.
Your shield and scale mail prevent you from hitting the giant cockroach.
The giant cockroach is severely wounded.
You block the giant cockroach's attack.
The orc priest mumbles some strange prayers to Beogh against you.
Something smites you!
You die...

..#.# #.#.#
#...# ...# # ..#
.# #.###.#o## .#
#....<..o# .#
......##s##.####
..... +!@......#
.... ###.#.##.#
... #...# ##
##..# #..# #..#
##.# #.# #>##.#


You could see an orc priest, an orc and a giant cockroach.

Vanquished Creatures
  The ghost of Goblin1989 the Poker, a novice CeHu of Okawaru (D:6)
  Grinder (D:6)
  Prince Ribbit (D:5)
  2 hungry ghosts (D:7)
  A water moccasin (D:6)
  3 phantoms
  An orc warrior (D:6)
  2 ogres
  A centaur (D:6)
  2 crimson imps
  6 orc priests
  Ijyb (D:2)
  A giant frog skeleton (D:5)
  2 hounds (D:6)
  2 orc wizards (D:6)
  2 iguanas
  3 worker ants (D:4)
  A hound skeleton (D:6)
  2 adders
  An ooze (D:3)
  4 worms
  An adder skeleton (D:4)
  4 giant geckos
  15 orcs
  4 ball pythons
  7 bats
  4 giant cockroaches
  7 hobgoblins
  4 jackals
  5 quokkas
  6 giant newts
  14 goblins
  4 kobolds
  A quokka zombie (D:6)
  10 rats
  A spectral orc (D:3)
127 creatures vanquished.

Notes
Turn   | Place    | Note
--------------------------------------------------------------
     0 | D:1      | MrTails the Gargoyle Fighter began the quest for the Orb.
     0 | D:1      | Reached XP level 1. HP: 14/14 MP: 1/1
   109 | D:1      | Reached XP level 2. HP: 19/19 MP: 2/2
   608 | D:1      | Reached XP level 3. HP: 20/23 MP: 3/3
   687 | D:2      | Found a burning altar of Makhleb.
   824 | D:2      | Noticed Ijyb
   843 | D:2      | Killed Ijyb
   843 | D:2      | Reached XP level 4. HP: 22/29 MP: 4/4
  1522 | D:3      | Reached skill level 4 in Fighting
  1522 | D:3      | Reached XP level 5. HP: 26/33 MP: 5/5
  1649 | D:3      | Found a basalt altar of Yredelemnul.
  1933 | D:3      | Found a sacrificial altar of Ru.
  2018 | D:4      | Got an ichor-stained mace
  2019 | D:4      | Identified the +5 mace of Jorhivu {elec, Str+4} (You found it on level 4 of the Dungeon)
  2083 | D:4      | Reached XP level 6. HP: 35/38 MP: 6/6
  2109 | D:4      | Noticed a phantom
  2127 | D:4      | Killed a phantom
  2545 | D:5      | Entered Level 5 of the Dungeon
  2927 | D:5      | Found a sparkling altar of Nemelex Xobeh.
  2935 | D:5      | Reached XP level 7. HP: 23/44 MP: 7/7
  2969 | D:5      | Found Ubill's Armour Boutique.
  3294 | D:5      | Noticed Prince Ribbit
  3305 | D:5      | Killed Prince Ribbit
  3305 | D:5      | Reached skill level 5 in Fighting
  3305 | D:5      | Reached skill level 5 in Axes
  3305 | D:5      | Reached skill level 5 in Armour
  3305 | D:5      | Reached skill level 5 in Shields
  3471 | D:5      | Found an ancient bone altar of Kikubaaqudgha.
  3528 | D:6      | Noticed Grinder
  3533 | D:6      | Paralysed by Grinder for 6 turns
  3542 | D:6      | Paralysed by Grinder for 5 turns
  3549 | D:6      | Killed Grinder
  3549 | D:6      | Reached XP level 8. HP: 38/50 MP: 8/8
  3659 | D:6      | Reached skill level 6 in Axes
  3781 | D:6      | Found an iron altar of Okawaru.
  3784 | D:6      | Got a polished helmet
  3790 | D:6      | Identified the +1 helmet "Ycheinag" {rC+++} (You found it on level 6 of the Dungeon)
  3802 | D:6      | Became a worshipper of Warmaster Okawaru
  3823 | D:6      | Noticed Goblin1989's ghost (novice CeHu)
  3836 | D:6      | Killed Goblin1989's ghost
  3836 | D:6      | Reached * piety under Okawaru
  3836 | D:6      | Reached skill level 7 in Axes
  3836 | D:6      | Reached XP level 9. HP: 47/56 MP: 9/9
  4027 | D:6      | Found a staircase to the Ecumenical Temple.
  4350 | D:7      | Killed from afar by an orc priest

Action                   |  1- 3 |  4- 6 |  7- 9 || total
-------------------------+-------+-------+-------++-------
Melee: War axe           |   123 |    87 |       ||   210
       Mace              |       |    64 |   143 ||   207
  Eat: Chunk             |       |     5 |     6 ||    11
       Fruit             |       |     1 |       ||     1
